[Event "Early-Titled-Tuesday-Blitz-January-16-2024"]
[Site "Chess.com"]
[Date "2024.01.16"]
[Round "11"]
[White "InitiatingASC"]
[Black "hongnhung1234"]
[Result "0-1"]
[WhiteElo "2426"]
[BlackElo "2568"]
[TimeControl "180+1"]
[EndTime "10:10:26 PST"]
[Termination "hongnhung1234 won on time"]

1. d4 Nf6 2. Nf3 c5 3. c3 d5 4. Bf4 Nc6 5. e3 Qb6 6. Qb3 c4 7. Qxb6 axb6 8. Nbd2 b5 9. a3 b4 10. cxb4 Nxb4 11. O-O-O Bf5 12. Nb1 Na2+ 13. Kd2 Ne4+ 14. Ke1 e6 15. Nh4 c3 16. Bb5+ Kd8 17. Nxf5 c2 18.
Ng3 cxd1=Q+ 19. Kxd1 Nxf2+ 20. Kc2 Nxh1 21. Nxh1 Rc8+ 22.
Nc3 Bxa3 23. Kb3 Nxc3 24. bxc3 Be7 25. Nf2 g5 26. Bg3 h5 27. h3 Bf6 28. Nd3 b6 29.
Nb4 Ke7 30. Nc6+ Rxc6 31. Bxc6 Rc8 32. Bb5 Ra8 33. Kb2 Ra5 34. Be2 h4 35. Bc7 Ra7 36.
Bh2 Kd7 37. Bh5 Kc6 38. Bb8 Rb7 39. Bh2 Be7 40. Kc2 Bd6 41. Bg1 Bg3 42. Kd3 b5 43.
e4 b4 44. cxb4 Rxb4 45. exd5+ exd5 46. Be3 Rb3+ 47. Ke2 f5 48. Bxg5 Rb2+ 49. Kf3 Rf2+ 50. Ke3 Rxg2 51. Bf3 Rg1 52. Bh5 Re1+ 53. Kf3 Rf1+ 54.
Ke3 Rh1 55. Be8+ Kd6 56. Bh6 Rxh3 57. Bf8+ Ke6 58. Ke2 Bd6 59. Bh6 Rg3 60. Kf2 h3 61. Bh5 Rg2+ 62. Kf1 Rg8 0-1

[Event "Early-Titled-Tuesday-Blitz-January-16-2024"]
[Site "Chess.com"]
[Date "2024.01.16"]
[Round "11"]
[White "Seochesspie"]
[Black "mishanick"]
[Result "0-1"]
[WhiteElo "2824"]
[BlackElo "3078"]
[TimeControl "180+1"]
[EndTime "10:10:27 PST"]
[Termination "mishanick won on time"]

1. c4 e6 2. g3 d5 3. Bg2 Nf6 4. Nf3 Be7 5. O-O O-O 6. b3 b6 7. Bb2 Bb7 8. cxd5 Bxd5 9. Nc3 Bb7 10. d4 c5 11. Rc1 Nbd7 12. Qd3 cxd4 13. Qxd4 Nc5 14.
Rfd1 Qxd4 15. Nxd4 Bxg2 16. Kxg2 Rfc8 17. f3 Kf8 18.
Kf2 Ke8 19. Ndb5 Nb7 20. Na4 Nc5 21. Bxf6 gxf6 22. Nxc5 Bxc5+ 23. Ke1 Ke7 24. e4 a6 25. Nd4 Ra7 26. Ke2 Rac7 27. Rc4 b5 28. Rc2 Ba3 29.
Rxc7+ Rxc7 30. f4 Bb4 31. Rd3 Rc1 32. Rd1 Rc8 33. Rd3 h5 34. Rd1 Rc7 35. Rd3 Bc3 36. Rd1 b4 37. Rd3 Rc8 38. Rd1 a5 39. Rd3 h4 40.
gxh4 Bxd4 41. Rxd4 Rh8 42. Rd2 Rxh4 43. Kf3 Rh3+ 44.
Kg4 Re3 45. Rd4 Re2 46. h4 Rxa2 47. Rc4 Rg2+ 48. Kh5 Rg3 49. Rc5 Rxb3 50. Rxa5 Rg3 51. Rb5 b3 52. Rb7+ Kd6 53. Rxf7 Kc6 54. Rf8 b2 55. Rb8 Rg2 56. Kh6 Kc5 57. h5 Kd4 58. Rb4+ Kc3 59. Rb8 Kc2 60. Kh7 b1=Q 61. Rxb1 Kxb1 62.
h6 Kc2 63. Kh8 Kd3 64. h7 Rh2 65. f5 exf5 66. exf5 Ke4 0-1

[Event "Early-Titled-Tuesday-Blitz-January-16-2024"]
[Site "Chess.com"]
[Date "2024.01.16"]
[Round "11"]
[White "Herzog2012"]
[Black "PepeCuenca"]
[Result "1-0"]
[WhiteElo "2551"]
[BlackElo "2681"]
[TimeControl "180+1"]
[EndTime "10:10:27 PST"]
[Termination "Herzog2012 won on time"]

1. e4 d6 2. d4 Nf6 3. Nc3 e5 4. Nf3 Nbd7 5. Bc4 Be7 6. O-O O-O 7. Re1 c6 8. a4 b6 9. Bg5 a6 10. Bb3 Rb8 11. Qe2 b5 12. Rad1 Qc7 13. Nh4 exd4 14. Rxd4 c5 15. Rdd1 Ne5 16. axb5 c4 17. Ba2 axb5 18.
Nf5 Bxf5 19. exf5 h6 20. Bxf6 Bxf6 21. Nd5 Qd8 22. c3 Nd7 23. Bb1 Nb6 24. Nb4 Qd7 25.
Qf3 Rfe8 26. Be4 Qc7 27. Na6 Qa7 28. Nxb8 Qxb8 29. Bc6 Rd8 30. Bxb5 d5 31. Bc6 Qd6 32. Re8+ Rxe8 33. Bxe8 Kf8 34. Bb5 Qc5 35. Ba6 d4 36.
cxd4 Bxd4 37. Qf4 Be5 38. Rd8+ Ke7 39. Qd2 Qc7 40. Rh8 Bxh2+ 41. Kh1 Be5 42. Qb4+ Bd6 43. Qe1+ Kf6 44. Qc3+ Be5 45. Qh3 Bf4 46. Qh4+ Bg5 47. Qd4+ Qe5 48. Qxb6+ Kxf5 49. Bc8+ Kf4 50. Qe3+ Qxe3 51.
fxe3+ Kxe3 52. Ba6 c3 53. bxc3 Kd2 54. Rg8 g6 55. c4 Kc3 56. c5 Bf4 57. c6 Kb4 58. Rf8 1-0

[Event "Early-Titled-Tuesday-Blitz-January-16-2024"]
[Site "Chess.com"]
[Date "2024.01.16"]
[Round "11"]
[White "yonaltimur"]
[Black "UNSTOPPABLE_LEGEND"]
[Result "1-0"]
[WhiteElo "2347"]
[BlackElo "2496"]
[TimeControl "180+1"]
[EndTime "10:10:27 PST"]
[Termination "yonaltimur won on time"]

1. e4 c5 2. Nf3 d6 3. Bb5+ Nc6 4. d4 cxd4 5. Qxd4 Bd7 6. Bxc6 Bxc6 7. Nc3 Nf6 8. Bg5 e6 9. O-O-O Be7 10. Rhe1 O-O 11.
Qd2 Qa5 12. Kb1 b5 13. Nd5 Qd8 14. Nxe7+ Qxe7 15. Bxf6 Qxf6 16. Qxd6 Rac8 17. Qd4 Qf4 18. Qd2 Qg4 19. Ne5 Qxg2 20. Qf4 Qh3 21. Rg1 f6 22. Nxc6 Rxc6 23. Rd7 g6 24. Rgd1 e5 25. Qd2 Rfc8 26. Rxa7 Qe6 27. Qd8+ Qe8 28. Qxe8+ Rxe8 29. Rdd7 Rec8 30.
Rg7+ Kf8 31. Raf7+ Ke8 32. Re7+ Kf8 33. c3 b4 34.
Ref7+ Ke8 35. Rb7 Kf8 36. Rgf7+ Kg8 37. Rg7+ Kf8 38. Rxh7 Kg8 39. Rhg7+ Kf8 40. Rgf7+ Kg8 41. Rg7+ Kf8 42. Rxg6 bxc3 43. bxc3 Rxc3 44. Rxf6+ Kg8 45. Rff7 Rc1+ 46. Kb2 R1c2+ 47. Kb3 R2c3+ 48. Kb4 R3c4+ 49. Kb5 R4c5+ 50. Kb6 R5c6+ 51. Ka7 Rg6 52. a4 Rcc6 53. Kb8 Rce6 54. Rfe7 1-0

[Event "Early-Titled-Tuesday-Blitz-January-16-2024"]
[Site "Chess.com"]
[Date "2024.01.16"]
[Round "11"]
[White "emeli_chess"]
[Black "LeoWin2012"]
[Result "1-0"]
[WhiteElo "2438"]
[BlackElo "2250"]
[TimeControl "180+1"]
[EndTime "10:10:27 PST"]
[Termination "emeli_chess won by checkmate"]

1. d4 Nf6 2. c4 e6 3. Nc3 d5 4.
cxd5 exd5 5. Bg5 c6 6. Qc2 Be7 7. e3 g6 8. Bd3 h6 9. Bh4 Be6 10. h3 g5 11. Bg3 Nbd7 12. Nf3 Qb6 13. Ne5 Nxe5 14. Bxe5 Rg8 15. g4 O-O-O 16. O-O-O Nd7 17.
Bg3 Rdf8 18. Kb1 h5 19. f3 h4 20. Bh2 Nb8 21. Rc1 Na6 22. Na4 Qa5 23. a3 Re8 24.
Qb3 Rd8 25. Rc3 Bd6 26. Bxd6 Rxd6 27. Rhc1 Nc7 28. Nc5 Qb6 29. Qa4 Kb8 30. Rb3 Nb5 31. Bxb5 cxb5 32. Rxb5 Qc6 33. Rxb7+ Qxb7 34. Nxb7 Kxb7 35.
Rc5 Rb6 36. Rb5 Rc8 37. Rxb6+ axb6 38. Qb4 Rc7 39. Qd6 Rd7 40. Qe5 Ka6 41. Qxg5 Kb5 42. Qxh4 Kc4 43. Kc2 Rc7 44. Qf2 Kb5+ 45. Kb3 Rc4 46.
h4 Bd7 47. h5 Ka5 48. Qd2+ Ka6 49. Ka2 Rc6 50. Qb4 b5 51. Qe7 Be6 52. h6 Bxg4 53. fxg4 Rxh6 54. Qxf7 Rh2 55. g5 Rg2 56. g6 b4 57.
axb4 Rg3 58. g7 Rxg7 59. Qxg7 Kb5 60. Qe5 Kb6 61. Qxd5 Kc7 62. Qc5+ Kb7 63. d5 Kb8 64. d6 Ka8 65. d7 Kb7 66. d8=Q Ka6 67. Qdb6# 1-0

[Event "Early-Titled-Tuesday-Blitz-January-16-2024"]
[Site "Chess.com"]
[Date "2024.01.16"]
[Round "11"]
[White "Chempiblinka"]
[Black "santosalberto1987"]
[Result "0-1"]
[WhiteElo "2301"]
[BlackElo "2508"]
[TimeControl "180+1"]
[EndTime "10:10:29 PST"]
[Termination "santosalberto1987 won on time"]

1. Nf3 Nf6 2. g3 g6 3. Bg2 d6 4.
O-O Bg7 5. c4 O-O 6. d4 Bf5 7. Nc3 Ne4 8. Qb3 Qc8 9. Nh4 Nxc3 10. bxc3 Nc6 11. Nxf5 gxf5 12. Rb1 Rb8 13. Bg5 e6 14. e4 fxe4 15. Bxe4 Na5 16. Qa4 b6 17. c5 Qe8 18. Qxe8 Rfxe8 19. cxd6 cxd6 20. Bf4 Bf8 21. Rfc1 Rbc8 22. Bd3 d5 23. Bb5 Nc6 24. c4 Nxd4 25. Bxe8 Ne2+ 26. Kf1 Nxc1 27. cxd5 Rxe8 28. Rxc1 exd5 29.
Rc7 Re7 30. Rc8 f6 31. Bh6 Rf7 32. Rd8 f5 33. f4 Rf6 34. Bg5 Rd6 35. Re8 Kf7 36.
Ra8 Rd7 37. Ke2 d4 38. Kd3 Be7 39. Rc8 Bxg5 40. fxg5 Kg6 41. h4 Kh5 42. Rg8 Kg4 43. Rf8 Rd5 44. Rf7 Kxg3 45. h5 Rd6 46. g6 hxg6 47.
h6 g5 48. h7 Rh6 49. Rxf5 g4 50. Rf7 Kg2 51. Kxd4 a5 52. Rg7 g3 53. Ke3 Kh2 54.
Kf3 Rf6+ 55. Ke3 Rh6 56. Kf3 b5 57. a3 b4 58. axb4 axb4 59. Rg8 Rxh7 60. Rxg3 Rf7+ 61. Ke3 Kxg3 0-1

[Event "Early-Titled-Tuesday-Blitz-January-16-2024"]
[Site "Chess.com"]
[Date "2024.01.16"]
[Round "11"]
[White "azikom"]
[Black "Elsa167"]
[Result "1/2-1/2"]
[WhiteElo "2712"]
[BlackElo "2848"]
[TimeControl "180+1"]
[EndTime "10:10:30 PST"]
[Termination "Game drawn by repetition"]

1. d4 Nf6 2. Nf3 g6 3. g3 Bg7 4. Bg2 O-O 5. O-O d6 6. Nc3 c6 7.
a4 Qc7 8. e4 Nbd7 9. h3 a5 10.
Re1 e5 11. dxe5 dxe5 12. Be3 Rd8 13. Nd2 Bf8 14. Qc1 Nc5 15. Bg5 Be7 16. Bf1 Ne6 17. Be3 Nd4 18. Nd1 h5 19. c3 Ne6 20. Kh2 h4 21. Qc2 Nh5 22. Nf3 hxg3+ 23. fxg3 Nc5 24. Nf2 Be6 25. Ng5 Bb3 26. Qe2 Nf6 27. Qf3 Rd7 28. Ra3 Bc2 29. h4 Ne6 30. Raa1 Nxg5 31. Bxg5 Nh7 32.
Bxe7 Rxe7 33. Ng4 Bb3 34. Bh3 Be6 35. Nf6+ Nxf6 36. Qxf6 Bxh3 37. Kxh3 Qd7+ 38. Kg2 Qd2+ 39. Qf2 Rd8 40. Re2 Qd3 41. Rf1 Red7 42. Qf3 Qxe2+ 43. Qxe2 Rd2 44. Kf2 Kg7 45. Ke3 Rxe2+ 46. Kxe2 f6 47. Rd1 Rxd1 48. Kxd1 Kh6 49. g4 Kg7 50. Ke2 Kf7 51.
Kd3 b6 52. Kc4 Ke6 53. Kd3 Kf7 54. b4 Ke6 55. bxa5 bxa5 56. Kc4 Kf7 57. Kd3 Ke6 58.
Ke3 Kf7 59. Kf3 Kg7 60. Ke3 Kf7 61. Kd3 Ke6 1/2-1/2

[Event "Early-Titled-Tuesday-Blitz-January-16-2024"]
[Site "Chess.com"]
[Date "2024.01.16"]
[Round "11"]
[White "sucof4reve"]
[Black "KorolDimitriy75"]
[Result "0-1"]
[WhiteElo "2115"]
[BlackElo "2347"]
[TimeControl "180+1"]
[EndTime "10:10:31 PST"]
[Termination "KorolDimitriy75 won by resignation"]

1. e4 c5 2. Nf3 d6 3. d4 cxd4 4. Nxd4 Nf6 5. Nc3 g6 6. Be3 Bg7 7. f3 O-O 8. Qd2 Nc6 9. g4 Be6 10. Nxe6 fxe6 11. O-O-O Ne5 12. Be2 Qc8 13. h4 Nc4 14.
Bxc4 Qxc4 15. h5 Nd7 16. hxg6 hxg6 17. Qh2 Rxf3 18. Qh7+ Kf7 19. Bh6 Rg8 20. Bxg7 Rxg7 21. Qh8 Nf6 22. Qd8 Rg8 23. Qa5 Nxe4 24. Rh7+ Rg7 25. Rxg7+ Kxg7 26. Nxe4 Qxe4 27. g5 a6 28. b3 Rf2 29. Qc3+ e5 30. Kb2 Qf5 31. Rg1 Kf7 32.
Ka3 Qxc2 33. Qc4+ Qxc4 34. bxc4 Ke6 35. Kb3 b5 36. cxb5 axb5 37. a3 Rf4 38. Rg3 Kf5 39. Kc3 d5 40. Kb3 e6 41. Kc3 Ra4 42. Kb3 e4 43.
Kb2 d4 44. Rb3 Ra5 45. Kc2 Kxg5 46. Kd2 e5 47. Ke2 Kf4 48. Kf2 g5 49. Kg2 e3 50.
Rd3 Ke4 51. Rb3 d3 52. Rb4+ Kd5 53. Kf3 e2 54. Kf2 e4 55. Rb3 Kc4 56. Rb4+ Kd5 57. Rb3 g4 58. Ke1 Kd4 59. Rb4+ Ke3 60. Rb2 Rxa3 61. Rxe2+ Kd4 62. Rg2 Ra1+ 63. Kf2 Ra2+ 64. Kg3 Rxg2+ 65. Kxg2 d2 0-1

[Event "Early-Titled-Tuesday-Blitz-January-16-2024"]
[Site "Chess.com"]
[Date "2024.01.16"]
[Round "11"]
[White "jcibarra"]
[Black "Msb2"]
[Result "1-0"]
[WhiteElo "2889"]
[BlackElo "3037"]
[TimeControl "180+1"]
[EndTime "10:10:33 PST"]
[Termination "jcibarra won by checkmate"]

1. e4 e6 2. d4 d5 3. Nc3 Nf6 4. Bg5 dxe4 5. Nxe4 Be7 6. Bxf6 Bxf6 7. Nf3 O-O 8. Qd2 Be7 9. O-O-O Qd5 10. Nc3 Qa5 11.
a3 Nd7 12. Kb1 Rb8 13. Bc4 Kh8 14. d5 b5 15. Nxb5 Rxb5 16. dxe6 fxe6 17. Bxb5 Qxb5 18. Nd4 Qb6 19. Qe3 Nf6 20. Rhe1 Nd5 21. Qb3 Qxb3 22.
cxb3 Rf6 23. Nc6 Bd6 24. Nxa7 Bd7 25. f3 Bc5 26. Nc6 Bxc6 27. Rc1 Bxa3 28. bxa3 Bb7 29. Rc5 h6 30. a4 Nf4 31. Rc2 Ba6 32. Ka1 Nd3 33. Rd1 c5 34. Rc3 c4 35. bxc4 Nc5 36.
Rd6 e5 37. Rd5 Nxa4 38. Ra3 Bxc4 39. Rd8+ Kh7 40. Rxa4 Bf1 41. Rd2 Rg6 42. Rg4 Rxg4 43. fxg4 Kg6 44. h4 h5 45. g5 e4 46. Rf2 Bd3 47. Kb2 e3 48. Rf3 e2 49. Re3 Kf5 50. Kc3 Ba6 51. g3 Kg4 52. Kd2 g6 53. Ke1 Bc4 54. Kf2 Kf5 55. Re7 Bd3 56. Rd7 Bc4 57. Rd6 Kg4 58. Rxg6 e1=Q+ 59. Kxe1 Kxg3 60. Rc6 Bd5 61. Rd6 Ba2 62. Rd4 Kh2 63. g6 Bf7 64.
gxf7 Kg3 65. f8=Q Kg2 66. Qf2+ Kh1 67. Qf1+ Kh2 68. Rd2+ Kg3 69. Rg2+ Kh3 70. Qh1# 1-0

[Event "Early-Titled-Tuesday-Blitz-January-16-2024"]
[Site "Chess.com"]
[Date "2024.01.16"]
[Round "11"]
[White "MasterofMasters2006"]
[Black "N4700000"]
[Result "0-1"]
[WhiteElo "2249"]
[BlackElo "2420"]
[TimeControl "180+1"]
[EndTime "10:10:33 PST"]
[Termination "N4700000 won by resignation"]

1. d4 e6 2. c4 b6 3. Nf3 Bb7 4. a3 Nf6 5. Nc3 g6 6. d5 Bg7 7.
e4 O-O 8. Be2 d6 9. O-O Nbd7 10.
h3 Nc5 11. Qc2 a5 12. Be3 Re8 13. b4 axb4 14. axb4 Rxa1 15. Rxa1 Ncxe4 16. Nxe4 Nxe4 17. Bd4 exd5 18. cxd5 Bxd5 19. Bxg7 Kxg7 20. Rd1 Bb7 21.
Bb5 Re7 22. Bc6 Bxc6 23. Qxc6 Qe8 24. Qc2 Qb5 25. Nd4 Qxb4 26. Nc6 Qc3 27. Qa4 Re6 28. Nd8 Re5 29. Nc6 Rc5 30. Ne7 Qc2 31. Qd4+ f6 32.
Re1 Re5 33. Nd5 Qc5 34. Rxe4 Qxd5 35. Qxd5 Rxd5 36. Re7+ Kf8 37. Rxc7 h5 38. Rc6 b5 39. Rb6 Ke7 40. Rb7+ Ke6 41. Kh2 h4 42. Kg1 Rd1+ 43.
Kh2 g5 44. g3 hxg3+ 45. Kxg3 Rb1 46. f3 Rb2 47. h4 gxh4+ 48. Kg4 Ke5 49. Kxh4 Kf4 50.
Kh3 f5 51. Rd7 Rd2 52. Rb7 Kxf3 53. Rxb5 d5 54. Rb8 d4 55. Rd8 f4 56. Rd7 d3 57.
Rd8 Rd1 58. Kh2 Ke2 59. Re8+ Kd2 60. Kg2 Re1 61. Rd8 Re3 62. Kf2 Kc2 63. Rc8+ Kd1 64. Ra8 d2 65. Ra1+ Kc2 66. Ra2+ Kc1 67. Ra1+ Kb2 68. Rd1 Kc2 0-1

[Event "Early-Titled-Tuesday-Blitz-January-16-2024"]
[Site "Chess.com"]
[Date "2024.01.16"]
[Round "11"]
[White "RCone"]
[Black "Zampronha1971"]
[Result "1-0"]
[WhiteElo "2430"]
[BlackElo "2337"]
[TimeControl "180+1"]
[EndTime "10:10:33 PST"]
[Termination "RCone won on time"]

1. e4 c5 2. Nc3 e6 3. Nge2 Nc6 4. g3 g6 5. Bg2 Bg7 6. O-O Nge7 7. f4 d6 8. d3 O-O 9. g4 f5 10. Ng3 Nd4 11. gxf5 exf5 12. exf5 Nexf5 13. Nd5 Be6 14. c3 Nc6 15. Nxf5 Bxf5 16. Qf3 Qd7 17. Bd2 Rae8 18. Rae1 Kh8 19. a3 Rxe1 20. Rxe1 Re8 21. Rxe8+ Qxe8 22. Bf1 h6 23. Kf2 Qf7 24. Bg2 Be6 25. Ne3 Bf6 26. Kg1 Bg7 27. Be1 Bd7 28. Bg3 b6 29. Qd5 Qxd5 30. Nxd5 Kg8 31. Kf2 Kf7 32. Ke3 Ne7 33.
Nxe7 Kxe7 34. Bd5 Bf5 35. d4 cxd4+ 36. cxd4 Be6 37. Be4 Bf5 38. Bd5 Kd7 39. Bh4 Bf8 40. Bf6 Be7 41. Bg7 h5 42. Bf7 Kc6 43. b4 Kb5 44.
Bb3 a5 45. bxa5 bxa5 46. Kd2 Kc6 47. Kc3 d5 48. Ba4+ Kb6 49. Be8 Bxa3 50. Be5 Bb4+ 51.
Kb3 Bd3 52. Bf6 Bc4+ 53. Ka4 Bd3 54. Bd8+ Kb7 55. Bxa5 Bxa5 56. Kxa5 Bf5 57. Kb5 Kc7 58. Kc5 Be4 59. Bf7 Kd8 60. Bxd5 Ke7 61. Bxe4 1-0

[Event "Early-Titled-Tuesday-Blitz-January-16-2024"]
[Site "Chess.com"]
[Date "2024.01.16"]
[Round "11"]
[White "JCVanDamme10"]
[Black "Darkbluelord"]
[Result "1-0"]
[WhiteElo "2308"]
[BlackElo "2165"]
[TimeControl "180+1"]
[EndTime "10:10:35 PST"]
[Termination "JCVanDamme10 won on time"]

1. e4 c5 2. Nf3 d6 3. d4 cxd4 4.
Nxd4 Nf6 5. Nc3 g6 6. Be3 Bg7 7. f3 O-O 8. Qd2 Nc6 9. Bc4 Bd7 10. O-O-O Ne5 11. Bb3 Qa5 12. Kb1 Rfc8 13. g4 b5 14. g5 b4 15. Nd5 Nxd5 16. Bxd5 Rab8 17. Nb3 Qa4 18. f4 Nc4 19. Bxc4 Rxc4 20. Bd4 e5 21. fxe5 dxe5 22. Bxa7 Qxa7 23. Qxd7 Qf2 24.
Rd2 Qf3 25. Rhd1 Qxe4 26. Qd5 Qxd5 27. Rxd5 Rbc8 28. Rd8+ Bf8 29. Rxc8 Rxc8 30. Rd5 Rc4 31. Rxe5 Rh4 32. Re2 Rg4 33. c3 Rxg5 34. cxb4 Bxb4 35. a3 Bd6 36. Nd4 Rd5 37. Nf3 Rd3 38. Ng5 h6 39.
Ne4 Bf4 40. Kc2 Rh3 41. b4 Bxh2 42. a4 Bc7 43. Nc3 Rh4 44. b5 Ba5 45. Re4 Rh2+ 46. Kb3 Rh3 47. Rc4 g5 48. Kb2 h5 49. Nd5 g4 50.
Nf6+ Kg7 51. Nxh5+ Rxh5 52. Rxg4+ Kf6 53. Kb3 Rh3+ 54.
Kc4 Ra3 55. Kd5 Rd3+ 56. Kc6 Rc3+ 57. Kb7 Kf5 58. Rg7 f6 59. Ka6 Bb4 60. b6 Rc6 61. Kb5 1-0

[Event "Early-Titled-Tuesday-Blitz-January-16-2024"]
[Site "Chess.com"]
[Date "2024.01.16"]
[Round "11"]
[White "Hikaru"]
[Black "FormerProdigy"]
[Result "1-0"]
[WhiteElo "3231"]
[BlackElo "3022"]
[TimeControl "180+1"]
[EndTime "10:10:36 PST"]
[Termination "Hikaru won on time"]

1. Nf3 d5 2. b3 Nf6 3. Bb2 Bg4 4. e3 e6 5. h3 Bh5 6. d3 c5 7. g4 Bg6 8. Nh4 Nc6 9. Nd2 d4 10. Nxg6 hxg6 11. Bg2 Nd5 12. Qe2 Be7 13. O-O-O Ncb4 14. Bxd5 Qxd5 15. Kb1 O-O-O 16. f4 dxe3 17. Qxe3 Rh7 18. Rhf1 Nc6 19. Ne4 b6 20. Nc3 Qd7 21. Ne2 Bf6 22. Bxf6 gxf6 23. f5 exf5 24. gxf5 g5 25.
Nc3 Rdh8 26. Ne4 Rxh3 27. Qf2 Qd4 28. Qxd4 Nxd4 29. Nxf6 Rf3 30. c3 Rxf1 31. Rxf1 Ne2 32.
Ne4 Rh2 33. Nxg5 Nxc3+ 34. Kc1 Nxa2+ 35. Kb1 Nc3+ 36. Kc1 f6 37. Ne6 Ra2 38. Rf3 Kd7 39. Nf4 Ne2+ 40. Kb1 Nc3+ 41. Kc1 Ne2+ 42. Kb1 Rd2 43.
Nd5 Nd4 44. Rh3 Nxf5 45. Nxf6+ Kc6 46. Ne4 Re2 47. Nc3 Re3 48. Rxe3 Nxe3 49. Ne2 Kb5 50.
Kb2 Nd5 51. Ng3 Kb4 52. Ne4 Nf4 53. Kc2 Ne6 54. Kb2 Nd4 55. Nc3 a6 56. Nd5+ Ka5 57. Kc3 b5 58. b4+ Ka4 59. bxc5 Nc6 60. Nb6+ Ka3 61. d4 b4+ 62. Kd3 b3 63. Kc3 b2 64.
Nc4+ Ka4 65. Nxb2+ Kb5 66. Nd3 1-0

[Event "Early-Titled-Tuesday-Blitz-January-16-2024"]
[Site "Chess.com"]
[Date "2024.01.16"]
[Round "11"]
[White "karinachess1"]
[Black "GMKrikor"]
[Result "1-0"]
[WhiteElo "2624"]
[BlackElo "2729"]
[TimeControl "180+1"]
[EndTime "10:10:38 PST"]
[Termination "karinachess1 won by resignation"]

1. d4 Nf6 2. c4 g6 3. g3 d5 4. Bg2 dxc4 5. Qa4+ Nfd7 6. Qxc4 Bg7 7. Nf3 Nb6 8. Qc2 Nc6 9. O-O O-O 10. Rd1 Bf5 11. Qd2 Qd7 12. d5 Ne5 13. Nxe5 Bxe5 14. Nc3 Rad8 15. Qh6 Qc8 16. e4 Bg4 17. f3 Bd7 18. Be3 e6 19. Bd4 Bxd4+ 20. Rxd4 exd5 21. exd5 f6 22. Rh4 Rf7 23. Ne4 Nxd5 24. Rd1 Be6 25. Bf1 c6 26.
Bc4 Qc7 27. Re1 Bf5 28. Bxd5 cxd5 29. Nc3 d4 30. Rxd4 Qb6 31. Nb5 Rdf8 32. a4 a6 33. Rd1 axb5 34. Kh1 bxa4 35. Rd6 Qc7 36. R6d4 Qe7 37.
g4 Bc8 38. Re4 Qc7 39. Rde1 Rd7 40. Re8 Rf7 41. Rxf8+ Rxf8 42. g5 Bf5 43. gxf6 Qf7 44. Re7 Be6 45. Rxf7 Rxf7 46. Qg5 Bf5 47. h4 h5 48. Kg2 Rd7 49. Kg3 Kf7 50. Qh6 Kxf6 51. Qf8+ Ke6 52. Qg8+ Kd6 53. Qc4 Rc7 54. Qxa4 Rc6 55.
Qb4+ Kc7 56. Qf4+ Kb6 57. Qb4+ Ka6 58. Qa4+ Kb6 59. b4 Kc7 60. Qa5+ Kd7 61. b5 Rc7 62. Qb6 Kc8 63. Kf4 Kb8 64. Kg5 Rd7 65. Qc5 Rd8 66. b6 Rc8 67. Qd6+ Ka8 68. Qa3+ 1-0

[Event "Early-Titled-Tuesday-Blitz-January-16-2024"]
[Site "Chess.com"]
[Date "2024.01.16"]
[Round "11"]
[White "SashaKuzhilniy"]
[Black "FARIZA2018"]
[Result "1/2-1/2"]
[WhiteElo "2655"]
[BlackElo "2521"]
[TimeControl "180+1"]
[EndTime "10:10:38 PST"]
[Termination "Game drawn - insufficient material"]

1. e3 e5 2. d4 exd4 3. exd4 d5 4. Nf3 Nf6 5. Bd3 Be7 6. O-O O-O 7. h3 h6 8. Ne5 Re8 9. f4 c5 10. c3 Nc6 11.
Be3 Qb6 12. Rf2 Bd7 13. g4 Rad8 14. Nd2 cxd4 15. cxd4 Bd6 16. g5 Ne4 17. Bxe4 dxe4 18. gxh6 Bxe5 19. fxe5 Nxe5 20. hxg7 Nf3+ 21. Nxf3 exf3 22.
Qxf3 Qg6+ 23. Rg2 Bc6 24. Rxg6 Bxf3 25. Rg3 Rxe3 26. Kf2 Re2+ 27. Kxf3 Rxb2 28. Rd1 Rxa2 29. Kf4 Ra6 30. d5 Rad6 31. Ke5 f6+ 32. Ke4 Re8+ 33. Kd4 Re5 34. Kc5 Rd7 35. h4 Rxg7 36. Rxg7+ Kxg7 37. Kd6 Kf7 38. Kc7 Re7+ 39. Kc8 Re8+ 40. Kxb7 Re7+ 41. Kc8 Re8+ 42. Kc7 Re7+ 43. Kc6 Re4 44. d6 Ke8 45. Ra1 Rc4+ 46. Kd5 Rxh4 47. Rxa7 Kd8 48. Ra8+ Kd7 49. Ra7+ Kd8 50. Ke6 Re4+ 51. Kxf6 Re1 52. Rb7 Re2 53. Rh7 Re1 54. Re7 Rf1+ 55. Ke6 Re1+ 56. Kf7 Rf1+ 57.
Kg7 Rd1 58. Kf8 Rxd6 59. Rf7 Rd7 60. Rxd7+ Kxd7 1/2-1/2

[Event "Early-Titled-Tuesday-Blitz-January-16-2024"]
[Site "Chess.com"]
[Date "2024.01.16"]
[Round "11"]
[White "Brahianzevich"]
[Black "ChainedDowntohell"]
[Result "0-1"]
[WhiteElo "2435"]
[BlackElo "2550"]
[TimeControl "180+1"]
[EndTime "10:10:38 PST"]
[Termination "ChainedDowntohell won on time"]

1. e4 b6 2. d4 Bb7 3. Nf3 Bxe4 4. Nbd2 Bb7 5. Bc4 e6 6. Qe2 Nf6 7. O-O Be7 8. Re1 O-O 9. c3 c5 10. dxc5 bxc5 11. Nf1 a5 12. Ng3 d5 13. Bd3 Ba6 14. h4 Bxd3 15. Qxd3 Nbd7 16. b3 a4 17. Bf4 Qb6 18.
c4 Rfd8 19. h5 h6 20. Nd2 Bd6 21. Bxd6 Qxd6 22. Qe2 Qf4 23. cxd5 exd5 24. Nf3 Qg4 25. Qc2 axb3 26. axb3 Rxa1 27. Rxa1 Nxh5 28. Nxh5 Qxh5 29. Ra7 d4 30. Qc4 Qf5 31. b4 cxb4 32. Qxd4 b3 33. Rb7 Qc2 34. Rxd7 Rxd7 35. Qxd7 b2 36. Nd2 Qd1+ 37.
Kh2 Qh5+ 38. Kg1 Qd1+ 39. Kh2 b1=Q 40. Qe8+ Kh7 41. Nxb1 Qxb1 42. Qxf7 Qb8+ 43. g3 Qe5 44. Qf3 Kg6 45. Kg2 Kg5 46. Kh3 Qf5+ 47. Kg2 Qe5 48. Qd3 Kf6 49. Qd8+ Qe7 50. Qb6+ Kf7 51. Qd4 Qe6 52. Kh2 Qf5 53. Kg2 Kg6 54. g4 Qe6 55. Kg3 Kh7 56. Qf4 Qd5 57. f3 Qd1 58. Qe4+ Kg8 59. Kf4 Qd2+ 60. Kf5 Qg5+ 61. Ke6 Qf6+ 62. Kd5 Kf7 63. Kc5 Qe7+ 64. Kd5 Qd7+ 65. Ke5 Qc7+ 0-1

[Event "Early-Titled-Tuesday-Blitz-January-16-2024"]
[Site "Chess.com"]
[Date "2024.01.16"]
[Round "11"]
[White "NoHeThTo"]
[Black "YurasovMat-2012"]
[Result "0-1"]
[WhiteElo "2703"]
[BlackElo "2621"]
[TimeControl "180+1"]
[EndTime "10:10:40 PST"]
[Termination "YurasovMat-2012 won by checkmate"]

1. d4 d5 2. Nc3 Nf6 3. Bf4 c5 4. e4 cxd4 5. Qxd4 Nc6 6. Bb5 a6 7. Bxc6+ bxc6 8. O-O-O e6 9. exd5 cxd5 10. Nf3 Be7 11.
Ne5 Bd7 12. g4 O-O 13. g5 Nh5 14. h4 Rc8 15. Be3 Bd6 16. Rhg1 Qc7 17. Ng4 Kh8 18. Qd3 Nf4 19. Qd2 Rb8 20. Bd4 e5 21. Be3 Be6 22. Bxf4 exf4 23. h5 Qc8 24. f3 Qb7 25. b3 Qb4 26. h6 gxh6 27. gxh6 Rbc8 28. Nxd5 Qxd2+ 29. Rxd2 Bc5 30. Re1 Rfd8 31. Red1 Bxg4 32. fxg4 f3 33. Kb1 f2 34. c4 Re8 35. Kc2 Re1 36. Rxf2 Bxf2 37.
Rd3 Re2+ 38. Kd1 Rxa2 39. Rf3 Rf8 40. Nc3 Ra1+ 41. Kc2 Bd4 42. Nd5 Rh1 43. Kd3 Be5 44.
Rf5 Ba1 45. c5 Rxh6 46. Kc4 a5 47. Kb5 Rb8+ 48. Kc4 Rb7 49. Rf3 Rc6 50. Rf1 Bg7 51.
Re1 Bf8 52. Re8 Rxc5+ 53. Kd4 Kg7 54. g5 Rxd5+ 55. Kxd5 Rxb3 56. Re4 Rb5+ 57. Kc6 Rxg5 58. Re1 Rg6+ 59. Kd5 a4 60. Ra1 a3 61. Ra2 h5 62.
Ke4 Kh6 63. Kf5 h4 64. Kf4 Be7 65. Kf3 h3 66. Rh2 Kg7 67. Rxh3 a2 68. Rh1 Bf6 69.
Ra1 Bxa1 70. Ke4 Bf6 71. Kf5 a1=Q 72. Ke4 Qe5+ 73. Kd3 Rg3+ 74. Kc4 Rc3+ 75. Kb4 Qc5+ 76. Ka4 Ra3# 0-1

[Event "Early-Titled-Tuesday-Blitz-January-16-2024"]
[Site "Chess.com"]
[Date "2024.01.16"]
[Round "11"]
[White "Flaccidmoves"]
[Black "Goryachkina"]
[Result "0-1"]
[WhiteElo "2462"]
[BlackElo "2694"]
[TimeControl "180+1"]
[EndTime "10:10:40 PST"]
[Termination "Goryachkina won by checkmate"]

1. d4 Nf6 2. Bg5 Ne4 3. Bf4 c5 4. d5 Qb6 5. Nd2 Nxd2 6. Qxd2 Qxb2 7. Rd1 d6 8. e4 g6 9. h4 Bg7 10. Ne2 Nd7 11. Rh3 Ne5 12. Rb3 Qxa2 13. Nc3 Qa5 14. Bb5+ Nd7 15. Bh6 Bxc3 16. Bxd7+ Bxd7 17. Rxc3 O-O-O 18. Kf1 Kb8 19. Kg1 f6 20. Qe3 Bc8 21. Bf4 b6 22. Rb1 Qa2 23. Qc1 Qa4 24. f3 Bb7 25. Be3 f5 26. Ra1 Qd7 27. Qa3 a6 28. Rb3 b5 29.
Qa5 Qc7 30. Qd2 fxe4 31. fxe4 Rhf8 32. Bh6 Rf7 33. Qg5 Qd7 34. Rf1 Rxf1+ 35. Kxf1 Bc8 36. Rf3 Re8 37. Rf7 Qg4 38. Qxg4 Bxg4 39. Bf8 Bd1 40. Bxe7 Bxc2 41. Bxd6+ Ka8 42. Bxc5 Bxe4 43. d6 Rd8 44.
Re7 Bc6 45. Bb6 Rd7 46. Bc7 Rxe7 47. dxe7 Kb7 48. Ba5 Be8 49. Kf2 Kc6 50. Ke3 Kc5 51. Ke4 b4 52. Kd3 Kb5 53. Bc7 a5 54. Kc2 a4 55.
Kb2 Kc4 56. g4 a3+ 57. Ka1 Bf7 58. Be5 b3 59. g5 b2+ 60. Kb1 Kb3 61. Bxb2 axb2 62.
e8=Q Bxe8 63. h5 Bd7 64. hxg6 Bf5# 0-1